 Dungeon Sprint DCSS version 0.22-a0-40-g3d2f077 (webtiles) character file.

63 Faca the Skirmisher (level 4, -7/45 HPs)
             Began as a Naga Fighter on Jan 5, 2018.
             Mangled by an iguana (11 damage)
             ... in the Dungeon (Sprint IX: "|||||||||||||||||||||||||||||").
             The game lasted 00:00:48 (75 turns).

Faca the Skirmisher (Naga Fighter)                    Turns: 75, Time: 00:00:48

Health: -7/45      AC:  5    Str: 19    XL:     4   Next: 10%
Magic:  4/4        EV:  5    Int:  8    God:
Gold:   0          SH:  9    Dex: 11    Spells: 3/3 levels left

rFire    . . .     SeeInvis +   a - +0 flail
rCold    . . .     Gourm    .   c - +0 shield
rNeg     . . .     Faith    .   b - +0 scale mail
rPois    +         Spirit   .   (no helmet)
rElec    .         Reflect  .   (no cloak)
rCorr    .         Harm     .   (no gloves)
MR       .....     NoTele   +   (no barding)
Stlth    ..........             (no amulet)
HPRegen  0.15/turn              (no ring)
MPRegen  0.09/turn              (no ring)

@: very slow
A: large, see invisible, deformed body, poison resistance, slowness 2, slow
metabolism 1, spit poison 1, AC +1
a: Spit Poison


You were in the Dungeon.
You were not hungry.

You visited 1 branch

Inventory:

Hand Weapons
 a - a +0 flail (weapon)
Armour
 b - a +0 scale mail (worn)
 c - a +0 shield (worn)
Scrolls
 k - a scroll of blinking
Potions
 d - a potion of might
 e - a potion of curing
 g - a potion of heal wounds
 h - a potion of haste
 i - 2 potions of magic
 j - a potion of berserk rage
Comestibles
 f - a ration


   Skills:
 + Level 4.8 Fighting
 + Level 3.6 Maces & Flails
 + Level 4.3 Armour
 + Level 0.1 Dodging
 + Level 3.9 Shields


You had 3 spell levels left.
You didn't know any spells.

Dungeon Overview and Level Annotations

Branches:
Dungeon (1/1)

Altars:


Innate Abilities, Weirdness & Mutations

You cannot wear boots.
Your serpentine skin is tough. (AC +1)
You have supernaturally acute eyesight. (SInv)
Armour fits poorly on your strangely shaped body.
Your system is resistant to poisons. (rPois)
You cover ground very slowly.
You have a slow metabolism.
You can spit poison.


Message History

You feel stronger.
Your skin feels tougher.
You have reached level 4!
You feel agile.
The iguana hisses menacingly.
You hit the iguana but do no damage. The iguana completely misses you.
The sky beast flickers out of sight for a moment.
The iguana barely misses you.
Your shield and scale mail prevent you from hitting the iguana.
You have got your breath back.
The iguana bites you.
* * * LOW HITPOINT WARNING * * *
You hit the iguana but do no damage.
The iguana bites you but does no damage.
You hit the iguana but do no damage. The iguana bites you!
* * * LOW HITPOINT WARNING * * *
You block the iguana's attack.
You hit the iguana but do no damage.
The iguana bites you but does no damage.
You closely miss the iguana. The iguana bites you!
You die...

▓+▓
▓≈▓
▓.▓
▓.▓
▓Y▓
▓l▓
▓l▓
▓@▓
▓.▓
▓.▓
▓.▓
▓.▓
▓)▓
▓.▓
▓.▓
▓.▓


You could see a sky beast (invisible) and 2 iguanas.

Vanquished Creatures
  A scorpion (D)
  A shadow imp (D)
  A leopard gecko (D)
  A hobgoblin (D)
  A kobold (D)
  2 rats (D)
7 creatures vanquished.

Notes
Turn   | Place    | Note
-------+----------+-------------------------------------------
     0 | D        | Faca the Naga Fighter began the quest for the Orb.
     0 | D        | Reached XP level 1. HP: 21/21 MP: 1/1
    58 | D        | Noticed a sky beast
    58 | D        | Noticed an iguana
    58 | D        | Noticed an iguana
    58 | D        | Noticed a scorpion
    67 | D        | Reached XP level 2. HP: 20/30 MP: 2/2
    69 | D        | Killed a scorpion
    69 | D        | Reached XP level 3. HP: 16/38 MP: 3/3
    69 | D        | Reached XP level 4. HP: 19/45 MP: 4/4
    75 | D        | Mangled by an iguana

Vault maps used:
D:        linesprint

Skill      XL: |  1  2 |
---------------+-------+-----
Armour         | 3 4 |  4.3
Shields        | 3 |  3.9
Fighting       | 4 |  4.8
Maces & Flails | 3 |  3.6
Dodging        | |  0.1

Action                   |  1- 3 |  4- 6 || total
-------------------------+-------+-------++-------
Melee: Flail             |    18 |     6 ||    24
 Abil: Spit Poison       |     1 |       ||     1
Armor: Scale mail        |     4 |     2 ||     6
Dodge: Dodged            |     2 |     2 ||     4
Block: Shield            |     5 |     1 ||     6

Table legend:
 A = Spawn XP
 B = Non-spawn XP
 C = Spawn XP percentage of total XP
 D = Spawn monster count
 E = Non-spawn monster count
 F = Spawn count percentage of total count
 G = Total turns spent on level
                    A         B        C        D         E        F      G
               +---------+---------+-------+---------+---------+-------+---------
         Total |       0 |      91 |   0.0 |       0 |       7 |   0.0 |    75
               +---------+---------+-------+---------+---------+-------+---------
             D |       0 |      91 |   0.0 |       0 |       7 |   0.0 |    75
               +---------+---------+-------+---------+---------+-------+---------
